 Dungeon Crawl Stone Soup version 0.28.0-53-g5a82cb258f (webtiles) character file.

Game seed: 562054312991557305

163 raph the Grave Robber (level 5, 0/38 HPs)
             Began as a Human Necromancer on June 1, 2022.
             Slain by a gnoll
             ... wielding a +0 flail
              (8 damage)
             ... on level 4 of the Dungeon.
             The game lasted 00:03:56 (3557 turns).

raph the Grave Robber (Human Necromancer)           Turns: 3557, Time: 00:03:57

Health: 0/38       AC:  3    Str:  9    XL:     5   Next: 72%
Magic:  4/9        EV: 12    Int: 17    God:
Gold:   79         SH:  0    Dex: 13    Spells: 4/9 levels left

rFire   . . .      SeeInvis .   l - +2 dagger (elec)
rCold   . . .      Faith    .   (no shield)
rNeg    . . .      Spirit   .   a - +0 robe
rPois   .          Reflect  .   (no helmet)
rElec   .          Harm     .   m - +0 cloak
rCorr   .          Rampage  .   (no gloves)
Will    .....                   (no boots)
Stlth   ++........              (no amulet)
HPRegen 0.12/turn               (no ring)
MPRegen 0.11/turn               (no ring)

@: no status effects
A: no striking features
a: no special abilities


You were on level 4 of the Dungeon.
You visited 1 branch of the dungeon, and saw 4 of its levels.

You collected 79 gold pieces.

Inventory:

Hand Weapons
 b - a +0 short sword
 l - a +2 dagger of electrocution (weapon)
Armour
 a - a +0 robe (worn)
 m - a +0 cloak (worn)
Jewellery
 j - a ring of willpower
Wands
 k - a wand of iceblast (7)
 n - a wand of flame (1)
Potions
 d - a potion of ambrosia
 f - a potion of haste {unknown}
 i - 2 potions of mutation


   Skills:
 + Level 1.7 Fighting
 + Level 2.8 Dodging
 + Level 2.9 Stealth
 + Level 2.7 Spellcasting
 * Level 5.0 Necromancy


You had 4 spell levels left.
You knew the following spells:

 Your Spells              Type           Power      Damage    Failure   Level
a - Pain                  Necr           76%        1d7       2%          1
b - Animate Skeleton      Necr           38%        N/A       2%          1
c - Vampiric Draining     Necr           19%        2d7       7%          3

Your spell library contained the following spells:

 Spells                   Type           Power      Damage    Failure   Level
 Animate Dead             Necr           9%         N/A       22%         4
 Agony                    Necr           19%        N/A       54%         5


Dungeon Overview and Level Annotations

Branches:
Dungeon (4/15)
 Temple: D:4-7

Altars:

Shops:
D:1 [   D:2 (


Message History

The gnoll shouts!
The orc hits you with a +0 whip.
You hit the orc.
The orc is heavily wounded.
The orc closely misses you.
Aiming: Pain (safe; 2% risk of failure)
Press: ? - help, Q - select action, (/) - cycle Shift-Dir - straight line, f/p - orc
Aim: an orc, wielding a +0 whip (moderately wounded, chance to affect: 89%)
The orc writhes in agony.
The orc closely misses you.
Aiming: Pain (safe; 2% risk of failure)
Press: ? - help, Q - select action, (/) - cycle Shift-Dir - straight line, f/p - orc
Aim: an orc, wielding a +0 whip (heavily wounded, chance to affect: 89%)
The orc writhes in agony.
The orc barely misses you. The gnoll barely misses you.
An orc comes into view. It is wielding a +0 mace.
The orc priest shouts!
The gnoll closely misses you.
Items here: ( )) †. 2 gnolls come into view.
Found 14 stones.
The gnoll shouts! x2
You aren't carrying any scrolls.
The orc priest begins to cast a cantrip, but forgets the words!
The gnoll closely misses you.
There is a stone staircase leading down here.
You can't go up here!
The gnoll hits you with a +0 flail. The gnoll completely misses you.
You climb downwards.
There is a stone staircase leading up here.
You hit the gnoll but do no damage. The gnoll hits you with a +0 flail!
* * * LOW HITPOINT WARNING * * *
The gnoll hits you with a +0 flail.
* * * LOW HITPOINT WARNING * * *
The gnoll barely misses you. The gnoll hits you but does no damage.
You open the door. The gnoll barely misses you.
The gnoll hits you with a +0 flail!
You die...

... ..$ ...
#.# #.# #.#
##'##
##.@.##
##..gg.##
##.......##
#.........#
+.........+
#.........#
##.......##
##....<##
##...##


You could see 2 gnolls.

Vanquished Creatures
  Crazy Yiuf (D:2)
  Natasha (thrice) (D:2)
  An adder (D:1)
  A worm (D:2)
  3 dart slugs
  4 ball pythons
  A bat (D:2)
  4 endoplasms
  3 giant cockroaches
  5 goblins
  2 hobgoblins (D:2)
  4 quokkas
  A frilled lizard (D:2)
  4 kobolds
  2 rats
39 creatures vanquished.

Vanquished Creatures (collateral kills)
  An endoplasm (D:2)
1 creature vanquished.

Grand Total: 40 creatures vanquished

Notes
Turn   | Place    | Note
-------+----------+-------------------------------------------
     0 | D:1      | raph the Human Necromancer began the quest for the Orb.
     0 | D:1      | Reached XP level 1. HP: 13/13 MP: 3/3
     8 | D:1      | Learned a level 1 spell: Animate Skeleton
   374 | D:1      | Found Piaxuob's Antique Armour Boutique.
   390 | D:1      | Reached XP level 2. HP: 15/19 MP: 1/5
  1077 | D:2      | Noticed Natasha
  1552 | D:2      | Reached XP level 3. HP: 14/25 MP: 3/6
  1556 | D:2      | Learned a level 3 spell: Vampiric Draining
  2128 | D:2      | Found Xeastrom's Weapon Boutique.
  2216 | D:2      | Reached skill level 1 in Fighting
  2357 | D:2      | Reached XP level 4. HP: 32/32 MP: 2/7
  2672 | D:2      | Found a runed translucent door.
  2673 | D:2      | Noticed Crazy Yiuf
  2686 | D:2      | Killed Crazy Yiuf
  3038 | D:2      | Killed Natasha
  3039 | D:2      | Reached XP level 5. HP: 25/37 MP: 1/8
  3052 | D:2      | Noticed Natasha
  3103 | D:2      | Killed Natasha
  3181 | D:2      | Noticed Natasha
  3185 | D:2      | Killed Natasha
  3186 | D:2      | Reached skill level 5 in Necromancy
  3557 | D:4      | Slain by a gnoll

Illustrated notes

Levels and vault maps discovered:
D:1:      lemuel_arrival_cross, layout_basic, serial_shops, shop,
          minmay_indecisive_spiral
D:2:      layout_rooms, serial_shops, shop, uniq_crazy_yiuf_cottage,
          uniq_natasha
D:3:      lemuel_castle_with_subvaults [lemuel_castle_interior_carwin_3],
          layout_rooms, shapermc_ecumenical_altar_notcrosses,
          minmay_misc_feat_iff
D:4:      layout_loops_corners, kennysheep_mini_moat

Skill      XL: |  1  2  3  4  5 |
---------------+----------------+-----
Fighting       | 1 |  1.7
Necromancy     | 5 |  5.0
Dodging        | |  2.8
Stealth        | |  2.9
Spellcasting   | |  2.7

Action                   |  1- 3 |  4- 6 || total
-------------------------+-------+-------++-------
Melee: Unarmed           |     3 |       ||     3
       Short sword       |    16 |       ||    16
       Dagger            |       |    11 ||    11
 Cast: Pain              |    38 |    34 ||    72
       Animate Skeleton  |     1 |       ||     1
       Vampiric Draining |     3 |       ||     3
  Use: Scroll            |       |     6 ||     6
 Stab: Sleeping          |     1 |     1 ||     2
Armor: Robe              |     4 |     1 ||     5
Dodge: Dodged            |    22 |    12 ||    34
